AoeStats
← Izan

Golden Pit

510141521Analyzed
1v1 RM · 2d ago on Sep 29, 2026· 42m 25s· 2 players
Game mode
Random Map
Map size
Tiny (2 player)
Population
200
Speed
Normal
Resources
Standard
Victory
Conquest
Starting age
Dark Age
Ending age
Imperial Age
RankedLock teamsTeams togetherTeam positionsShared explorationLock speedFull tech treeHidden civsTurbo modeCheats
Victory
Defeat
🇺🇾 Vikings · Uruguay
1079
+17
🇪🇸 Turks · Spain
1091
-17
ElOsoConBarba
3:25 Loom
11:16 Feudal Age
11:32 Man-at-Arms
20:47 Castle Age
19:46 Padded Archer Armor
19:35 Double-Bit Axe
21:05 Fletching
21:02 Elite Skirmisher
22:03 Gold Mining
31:43 Town Watch
36:36 Imperial Age
35:12 Horse Collar
37:11 Heavy Plow
39:35 Bodkin Arrow
39:55 Leather Archer Armor
Izan
10:16 Loom
12:46 Feudal Age
17:16 Castle Age
16:09 Fletching
18:37 Double-Bit Axe
19:37 Bodkin Arrow
20:54 Padded Archer Armor
21:32 Horse Collar
23:32 Ballistics
23:49 Bow Saw
26:39 Thumb Ring
30:22 Leather Archer Armor
Connection lost

Rejoining the realm…

Still unreachable

The connection could not be restored.

Session expired

The server has moved on; the page needs a fresh start.